 Dungeon Crawl Stone Soup version 0.25-a0-294-gea9b1ad378 (webtiles) character file.

Game seed: 14845109201576274631, levelgen mode: deterministic

107 Redear the Skirmisher (level 4, -4/37 HPs)
             Began as a Mummy Monk on Dec 19, 2019.
             Slain by a hound (6 damage)
             ... on level 4 of the Dungeon.
             The game lasted 00:05:17 (4693 turns).

Redear the Skirmisher (Mummy Monk)                  Turns: 4693, Time: 00:05:17

Health: -4/37      AC:  1    Str: 14    XL:     4   Next: 56%
Magic:  4/4        EV: 13    Int:  9    God:
Gold:   99         SH:  0    Dex: 15    Spells: 3/3 levels left

rFire    x . .     SeeInvis .     - Unarmed
rCold    + . .     Gourm    .   (no shield)
rNeg     + + +     Faith    .   (no armour)
rPois    ∞         Spirit   .   d - +0 helmet
rElec    .         Reflect  .   (no cloak)
rCorr    .         Harm     .   (no gloves)
MR       .....                  (no boots)
Stlth    ++........             (no amulet)
HPRegen  0.12/turn              (no ring)
MPRegen  0.09/turn              (no ring)

@: no status effects
A: no food or potions, fire vulnerability, cold resistance 1, negative energy
resistance 3, torment resistance, unbreathing
a: no special abilities


You were on level 4 of the Dungeon.
You were not hungry.

You visited 1 branch of the dungeon, and saw 4 of its levels.

You collected 99 gold pieces.

Inventory:

Armour
 d - a +0 helmet (worn)
Scrolls
 a - 2 scrolls of enchant weapon
 b - a scroll of fog
 c - a scroll of immolation {unknown}
 e - a scroll of remove curse {unknown}
 B - a scroll of blinking {@r4}
 M - a scroll of magic mapping
 R - 3 scrolls of identify {@r1}


   Skills:
 + Level 4.0 Fighting
 + Level 3.2 Dodging
 - Level 1.5 Stealth
 + Level 3.2 Unarmed Combat


You had 3 spell levels left.
You didn't know any spells.
Your spell library was empty.

Dungeon Overview and Level Annotations

Branches:
Dungeon (4/15)
 Temple: D:4-7

Altars:
Ashenzari


Innate Abilities, Weirdness & Mutations

You do not eat or drink.
Your flesh is vulnerable to fire.
You are immune to poison.
Your flesh is cold resistant. (rC+)
You are immune to negative energy. (rN+++)
You are immune to unholy pain and torment.
You can survive without breathing.


Message History

The hound bites you.
* * * LOW HITPOINT WARNING * * *
You take 8 damage, and have 6/37 hp.
MASSIVE DAMAGE!!
Okay, then.
Unknown command.
You hit the hound.
The hound is moderately wounded.
The hound barely misses you.
You closely miss the hound.
The hound is moderately wounded.
The hound completely misses you. The hound barely misses you.
You hit the hound but do no damage.
The hound is moderately wounded.
The hound bites you.
* * * LOW HITPOINT WARNING * * *
You take 4 damage, and have 2/37 hp.
You closely miss the hound.
The hound is moderately wounded.
The hound bites you.
You die...

###
#@#
#h#
#.#
#.#
#.#
..#
!..
..#
...#


You could see a hound.

Vanquished Creatures
  2 adders (D:3)
  An adder skeleton (D:3)
  4 worms (D:3)
  A dart slug (D:2)
  A leopard gecko (D:3)
  6 orcs
  10 bats
  4 giant cockroaches
  7 hobgoblins
  2 jackals (D:1)
  2 ball pythons (D:2)
  3 frilled lizards
  4 goblins
  13 kobolds
  5 rats
65 creatures vanquished.

Notes
Turn   | Place    | Note
-------+----------+-------------------------------------------
     0 | D:1      | Redear the Mummy Monk began the quest for the Orb.
     0 | D:1      | Reached XP level 1. HP: 18/18 MP: 1/1
   388 | D:1      | Reached XP level 2. HP: 13/24 MP: 2/2
  1221 | D:1      | Reached XP level 3. HP: 18/29 MP: 3/3
  2255 | D:3      | Reached skill level 3 in Dodging
  2255 | D:3      | Reached skill level 3 in Unarmed Combat
  2742 | D:3      | Reached XP level 4. HP: 31/37 MP: 4/4
  3252 | D:3      | Noticed an orc warrior
  3362 | D:3      | Found a shattered altar of Ashenzari.
  3606 | D:3      | HP: 2/37 [orc priest/divine providence (13)]
  4294 | D:3      | HP: 2/37 [orc/+0 whip (6)]
  4680 | D:4      | Reached skill level 4 in Fighting
  4692 | D:4      | HP: 2/37 [hound (4)]
  4693 | D:4      | Slain by a hound

Levels and vault maps discovered:
D:1:      elethiomel_arrival_maze, layout_loops_ring
D:2:      layout_loops_ring
D:3:      layout_rooms, lemuel_coloured_pillars_altar, first_ration,
          ashenzari_altar_1
D:4:      layout_basic, temple_garden, serial_shops,
          nicolae_shop_overgrown_old_shop

Skill      XL: |  1  2  3  4 |
---------------+-------------+-----
Dodging        | 3 |  3.2
Unarmed Combat | 3 |  3.2
Fighting       | 4 |  4.0
Stealth        | |  1.5

Action                   |  1- 3 |  4- 6 || total
-------------------------+-------+-------++-------
Melee: Unarmed           |   176 |   106 ||   282
       Punch             |     1 |     2 ||     3
  Use: Scroll            |     4 |     2 ||     6
 Stab: Sleeping          |     5 |       ||     5
Armor: Skin              |     2 |    10 ||    12
Dodge: Dodged            |   130 |    69 ||   199

Table legend:
 A = Non-vault XP
 B = Vault XP
 C = Vault XP percentage of total XP
 D = Non-vault monster count
 E = Vault monster count
 F = Vault count percentage of total count
                 A         B        C        D         E       F
            +---------+---------+-------+---------+---------+-------
      Total |     153 |       0 |   0.0 |      65 |       0 |   0.0
            +---------+---------+-------+---------+---------+-------
        D:1 |      44 |       0 |   0.0 |      27 |       0 |   0.0
        D:2 |      20 |       0 |   0.0 |      12 |       0 |   0.0
        D:3 |      83 |       0 |   0.0 |      24 |       0 |   0.0
        D:4 |       6 |       0 |   0.0 |       2 |       0 |   0.0
            +---------+---------+-------+---------+---------+-------
